AoeStats
← DUNCAN

Arabia

510604915Analyzed
4v4 RM · 13h ago on Oct 1, 2026· 59m 6s· 8 players
Game mode
Random Map
Map size
Large (8 player)
Population
200
Speed
Normal
Resources
Standard
Victory
Conquest
Starting age
Dark Age
Ending age
Imperial Age
RankedLock teamsTeams togetherTeam positionsShared explorationLock speedFull tech treeHidden civsTurbo modeCheats
Victory
Defeat
🇦🇷 Ethiopians · Argentina
919
+17
🇹🇷 Turks · Türkiye
886
+18
🇭🇰 Burgundians · Hong Kong SAR China
864
+19
🇫🇷 Mongols · France
861
+19
🇹🇷 Koreans · Türkiye
995
-20
🇹🇷 Magyars · Türkiye
961
-19
🇹🇷 Aztecs · Türkiye
928
-18
🇹🇷 Bulgarians · Türkiye
871
-16
diepat
5:04 Double-Bit Axe
7:43 Loom
8:32 Loom
8:49 Loom
11:29 Loom
14:02 Feudal Age
12:43 Horse Collar
13:02 Stone Mining
13:07 Gold Mining
16:17 Bow Saw
20:03 Town Watch
20:24 Fishing Lines
23:34 Castle Age
21:36 Stone Mining
23:25 Forging
23:17 Scale Mail Armor
25:26 Two-Man Saw
23:52 Cavalier
29:27 Wheelbarrow
29:51 Heavy Plow
33:25 Imperial Age
31:07 Fletching
32:13 Crop Rotation
34:28 Hand Cart
34:17 Husbandry
34:56 Iron Casting
33:46 Paladin
37:37 Blast Furnace
37:32 Conscription
40:07 Scale Barding Armor
39:58 Bodkin Arrow
40:25 Pikeman
41:06 Squires
40:51 Arson
40:33 Light Cavalry
41:54 Gold Shaft Mining
41:57 Hussar
43:01 Chain Barding Armor
52:10 Plate Barding Armor
51:36 Padded Archer Armor
51:39 Bracer
52:31 Stone Shaft Mining
52:47 Town Patrol
55:45 Chain Mail Armor
55:33 Padded Archer Armor
56:10 Hoardings
55:46 Burgundian Vineyards
57:58 Spies/Treason
58:54 Gillnets
DUNCAN
1:42 Loom
5:49 Loom
11:11 Feudal Age
11:45 Double-Bit Axe
18:38 Horse Collar
21:16 Castle Age
19:21 Fletching
21:31 Crossbowman
24:42 Heavy Plow
25:38 Thumb Ring
28:27 Bow Saw
29:38 Bodkin Arrow
35:36 Wheelbarrow
34:46 Town Watch
35:49 Padded Archer Armor
35:50 Loom
37:41 Hand Cart
37:26 Town Patrol
37:45 Stone Mining
41:05 Hand Cart
40:50 Town Patrol
45:02 Imperial Age
45:39 Leather Archer Armor
45:36 Forging
47:59 Chemistry
47:20 Ballistics
47:11 Masonry
47:14 Gold Mining
47:09 Onager
48:49 Siege Onager
51:27 Halberdier
52:11 Town Patrol
51:37 Arbalester
54:54 Architecture
54:35 Careening
54:28 Torsion Engines
55:33 Two-Man Saw
Zedarr
0:27 Loom
13:31 Feudal Age
14:21 Double-Bit Axe
14:27 Horse Collar
19:27 Castle Age
18:02 Bloodlines
19:15 Scale Barding Armor
21:02 Husbandry
26:40 Stone Mining
26:44 Gold Mining
28:12 Bow Saw
30:17 Wheelbarrow
29:50 Heavy Plow
34:15 Imperial Age
32:04 Hand Cart
36:06 Gold Shaft Mining
38:19 Ballistics
37:40 Treadmill Crane
42:44 Artillery
47:44 Caravan
58:13 Padded Archer Armor
58:04 Fletching
58:36 Chain Barding Armor
58:27 Forging
Skibidi Bop
9:42 Feudal Age
8:01 Loom
9:49 Feudal Age
13:08 Man-at-Arms
21:02 Castle Age
19:15 Double-Bit Axe
19:13 Horse Collar
19:37 Gold Mining
20:04 Stone Mining
20:26 Fletching
21:32 Padded Archer Armor
21:52 Bloodlines
21:57 Husbandry
22:53 Bodkin Arrow
24:21 Leather Archer Armor
25:11 Ballistics
27:49 Bow Saw
36:33 Imperial Age
35:02 Wheelbarrow
35:18 Heavy Plow
37:15 Forging
37:11 Scale Barding Armor
37:00 Capped Ram
39:37 Parthian Tactics
38:42 Heavy Cavalry Archer
40:03 Bracer
40:38 Iron Casting
40:30 Chain Barding Armor
48:27 Chemistry
48:45 Hand Cart
52:10 Elite Steppe Lancer
55:46 Caravan
SEFA
9:18 Loom
11:50 Feudal Age
13:46 Man-at-Arms
18:54 Horse Collar
19:54 Double-Bit Axe
26:32 Castle Age
26:48 Scale Mail Armor
26:49 Padded Archer Armor
26:47 Gold Mining
27:41 Bow Saw
27:33 Heavy Plow
28:39 Elite Skirmisher
28:43 Long Swordsman
29:09 Arson
29:19 Gambesons
31:35 Fletching
36:30 Ballistics
48:00 Imperial Age
46:08 Wheelbarrow
47:33 Pikeman
48:15 Squires
50:05 Chemistry
50:51 Chain Mail Armor
50:47 Forging
51:30 Leather Archer Armor
51:46 Plate Mail Armor
Zeus
11:06 Feudal Age
14:07 Double-Bit Axe
15:48 Horse Collar
22:21 Castle Age
21:12 Stone Mining
21:13 Gold Mining
22:52 Bloodlines
26:59 Husbandry
27:24 Bow Saw
27:16 Heavy Plow
31:21 Scale Barding Armor
33:43 Gold Shaft Mining
40:19 Imperial Age
38:31 Wheelbarrow
38:19 Chain Barding Armor
47:21 Pikeman
|TSK|CAKIRHAN
10:49 Feudal Age
9:05 Loom
11:38 Double-Bit Axe
14:33 Horse Collar
14:57 Fletching
18:15 Wheelbarrow
21:37 Castle Age
20:50 Gold Mining
21:52 Crossbowman
22:37 Thumb Ring
24:37 Bow Saw
25:16 Hand Cart
25:06 Bodkin Arrow
29:52 Town Watch
37:51 Imperial Age
35:44 Ballistics
35:05 Treadmill Crane
35:38 Masonry
35:08 Treadmill Crane
35:23 Murder Holes
35:39 Stone Mining
35:57 Heavy Plow
36:26 Scale Barding Armor
36:32 Forging
37:37 Pikeman
38:17 Squires
39:49 Conscription
38:51 Arbalester
40:19 Architecture
40:54 Chemistry
40:25 Architecture
42:11 Bracer
43:17 Scale Mail Armor
43:52 Iron Casting
43:14 Elite Skirmisher
Mcmeta3918
13:32 Feudal Age
21:23 Bloodlines
22:14 Horse Collar
28:15 Castle Age
30:32 Gold Mining
30:33 Stone Mining
31:48 Forging
31:43 Scale Barding Armor
35:47 Wheelbarrow
36:09 Stone Shaft Mining
35:40 Heavy Plow
35:30 Double-Bit Axe
36:51 Iron Casting
36:36 Chain Barding Armor
37:18 Scale Mail Armor
38:07 Gold Shaft Mining
42:03 Stirrups
45:36 Imperial Age
43:24 Hand Cart
44:32 Bow Saw
44:46 Chain Mail Armor
Connection lost

Rejoining the realm…

Still unreachable

The connection could not be restored.

Session expired

The server has moved on; the page needs a fresh start.